 Dungeon Crawl Stone Soup version 0.17-a0-1923-gc35365e (webtiles) character file.

626 graki42 the Skirmisher (level 7, -4/64 HPs)
             Began as a Minotaur Chaos Knight on Sept 28, 2015.
             Slain by a gnoll
             ... wielding a +0 flail
              (5 damage)
             ... on level 4 of the Dungeon.
             The game lasted 00:14:51 (3255 turns).

graki42 the Skirmisher (Minotaur Chaos Knight)      Turns: 3255, Time: 00:14:52

Health: -4/64      AC:  5    Str: 19    XL:     7   Next: 23%
Magic:  6/6        EV: 12    Int:  9    God:    Xom [*.....]
Gold:   269        SH:  0    Dex:  9    Spells: 0 memorised, 6 levels left

rFire  . . .     SeeInvis .     p - +2 hand axe (flame)
rCold  . . .     Clarity  .     b - +2 leather armour
rNeg   . . .     SustAt   .     (no shield)
rPois  .         Gourm    .     (helmet restricted)
rElec  .         Spirit   .     (no cloak)
rCorr  .         Warding  .     (no gloves)
rMut   .         Stasis   .     (no boots)
MR     .....                    (no amulet)
Stlth  +.........               (no ring)
                                (no ring)

@: drained, not resistant to hostile enchantments, very unstealthy
A: retaliatory headbutt, horns 2
a: Renounce Religion


You were on level 4 of the Dungeon.
You worshipped Xom.
You were a special plaything of Xom.
You were hungry.

You visited 1 branch of the dungeon, and saw 4 of its levels.

You collected 269 gold pieces.

Inventory:

Hand weapons
 a - a +0 hand axe of chaos
 p - a +2 hand axe of flaming (weapon)
Armour
 b - a +2 leather armour (worn)
Magical devices
 n - a wand of disintegration (21)
Scrolls
 d - 4 scrolls of identify {unknown}
 f - a scroll of enchant armour {unknown}
 h - 2 scrolls of teleportation {unknown}
 j - 2 scrolls of remove curse {unknown}
 l - 2 scrolls of magic mapping {unknown}
 m - 2 scrolls of fog {unknown}
Potions
 e - a potion of brilliance {unknown}
 i - 2 potions of heal wounds {unknown}
 k - 2 potions of poison {unknown}
 o - 2 potions of lignification {unknown}
 q - 2 potions of curing
 s - a potion of resistance {unknown}
Comestibles
 c - 2 bread rations
 g - 3 meat rations
 r - a royal jelly
 u - 3 chunks of flesh


   Skills:
 + Level 6.4(5.5) Fighting
 + Level 5.9(5.1) Axes
 + Level 4.3(3.5) Armour
 + Level 4.1(3.2) Dodging
 - Level 1.0(0.2) Stealth
 + Level 0.3(0.0) Evocations


You had 6 spell levels left.
You didn't know any spells.

Dungeon Overview and Level Annotations

Branches:
Dungeon (4/15)             Temple (0/1) D:4

Altars:
Ashenzari
Makhleb
Vehumet
Xom


Innate Abilities, Weirdness & Mutations

You reflexively headbutt those who attack you in melee.
You have a pair of horns on your head.


Message History

You headbutt the gnoll shaman.
The gnoll shaman is heavily wounded.
You barely miss the gnoll.
The gnoll is moderately wounded.
You barely miss the gnoll.
The gnoll is heavily wounded.
You are feeling hungry.
You hear Xom's avuncular chuckle.
The gnoll evaporates and reforms as a hound!
The hound barely misses you. The gnoll shaman hits you with a club.
* * * LOW HITPOINT WARNING * * *
You hit the gnoll shaman. You burn the gnoll shaman.
You headbutt the gnoll shaman.
You kill the gnoll shaman!
You closely miss the hound.
The hound is moderately wounded.
You barely miss the gnoll.
The gnoll is moderately wounded.
The gnoll hits you with a flail.
You die...

## #...#...# ..
#...#...##
.###..._...... ...
...#.)##.. #.#
#%.#..... ### #.#
#.###..# ##>##
#.###.###..# #...###
#....†###.##
......#####....g@)..#
.............)..#h..# .
#...#..####....).#...#
.#. ##.###..#
#.#....##..... ...#
#......###.###....#..#.
#.... #.......##.#
##.#.......####....
#.......##.#
#.####.#...#......
#..........####.#...
......#....
#......<..........#
##........<


You could see a hound and a gnoll.

Vanquished Creatures
  An ogre (D:4)
  A big kobold (D:4)
  A killer bee (D:4)
  A centaur skeleton (D:4)
  2 orc priests (D:4)
  Ijyb (D:3)
  2 orc wizards (D:4)
  Terence (D:2)
  A gnoll shaman (D:4)
  Robin (D:2)
  2 gnolls (D:4)
  10 adders
  A worm (D:2)
  3 giant geckos
  6 orcs (D:4)
  A ball python (D:4)
  8 bats
  3 giant cockroaches
  15 goblins
  10 hobgoblins
  A quokka (D:4)
  4 giant newts
  28 kobolds
  9 rats
  A butterfly (D:4)
  9 plants (D:4)
123 creatures vanquished.

Vanquished Creatures (collateral kills)
  A gnoll (D:4)
1 creature vanquished.

Vanquished Creatures (others)
  3 plants (D:4)
3 creatures vanquished.

Grand Total: 127 creatures vanquished

Notes
Turn   | Place    | Note
--------------------------------------------------------------
     0 | D:1      | graki42 the Minotaur Chaos Knight began the quest for the Orb.
     0 | D:1      | Reached XP level 1. HP: 19/19 MP: 0/0
   178 | D:1      | Reached XP level 2. HP: 27/27 MP: 1/1
   182 | D:1      | XOM: silly message
   273 | D:1      | Reached skill level 4 in Axes
   570 | D:2      | Noticed Robin
   572 | D:2      | XOM: potion effect (haste)
   577 | D:2      | Reached XP level 3. HP: 30/33 MP: 2/2
   581 | D:2      | Killed Robin
   669 | D:2      | Found a faded altar to an unknown god.
   778 | D:2      | Noticed Terence
   969 | D:1      | XOM: mild Tloc miscast
  1195 | D:2      | Reached XP level 4. HP: 41/41 MP: 3/3
  1218 | D:2      | Found a radiant altar of Vehumet.
  1219 | D:2      | Found a burning altar of Makhleb.
  1361 | D:2      | XOM: divination: detect creatures
  1420 | D:2      | Killed Terence
  1420 | D:2      | Reached skill level 5 in Axes
  1852 | D:3      | Reached skill level 1 in Stealth
  1852 | D:3      | Reached XP level 5. HP: 41/47 MP: 4/4
  1876 | D:3      | Noticed Ijyb
  1885 | D:3      | Killed Ijyb
  1885 | D:3      | Reached skill level 5 in Fighting
  2218 | D:3      | XOM: harmless Tloc miscast
  2291 | D:4      | XOM: scenery: create altars
  2371 | D:4      | Reached XP level 6. HP: 31/56 MP: 5/5
  2587 | D:4      | XOM: divination: detect items
  2626 | D:4      | XOM: smoke on damage
  3056 | D:4      | XOM: god gift: 39 gold pieces
  3112 | D:4      | XOM: god gift: 59 gold pieces
  3128 | D:4      | Found a staircase to the Ecumenical Temple.
  3200 | D:4      | Found a shattered altar of Ashenzari.
  3201 | D:4      | Noticed an ogre
  3214 | D:4      | XOM: confuse monster(s)
  3237 | D:4      | Killed an ogre
  3237 | D:4      | Reached skill level 6 in Fighting
  3237 | D:4      | Reached XP level 7. HP: 63/63 MP: 6/6
  3237 | D:4      | XOM: polymorph gnoll -> killer bee
  3244 | D:4      | XOM: draining
  3249 | D:4      | XOM: fake destruction
  3253 | D:4      | HP: 3/63 [gnoll/flail (3)]
  3254 | D:4      | XOM: polymorph gnoll -> hound
  3254 | D:4      | HP: 1/63 [gnoll shaman/club (3)]
  3255 | D:4      | Slain by a gnoll

Vault maps used:
D:1:      ncdulo_lavacross, minmay_curled_crystal
D:2:      nicolae_overflow_hidden_temple, ecumenical_altar_1, uniq_robin,
          uniq_terence
D:3:      minmay_strange_pillars, uniq_iyjb
D:4:      kennysheep_kobold_camp, cheibrodos_ashenzari_chains,
          minmay_temple_entry_butterflies, first_bread

Action                   |  1- 3 |  4- 6 |  7- 9 || total
-------------------------+-------+-------+-------++-------
Melee: Hand axe          |    87 |   304 |    11 ||   402
Evoke: Wand              |       |     1 |       ||     1
  Use: Potion            |     1 |       |     2 ||     3
       Scroll            |     1 |       |       ||     1
 Stab: Paralysed         |     1 |       |       ||     1
       Petrified         |       |     1 |       ||     1
       Sleeping          |       |     1 |       ||     1
  Eat: Chunk             |       |     7 |       ||     7
       Fruit             |       |     1 |       ||     1
